 Dungeon Crawl Stone Soup version 0.21-a0-538-gd16b88a (webtiles) character file.

8 theanonym the Skirmisher (level 2, 13/24 HPs)
             Began as a Demonspawn Fighter on Dec 16, 2017.
             Quit the game on level 1 of the Dungeon.
             The game lasted 00:00:24 (97 turns).

theanonym the Skirmisher (Demonspawn Fighter)         Turns: 97, Time: 00:00:25

Health: 13/24      AC: 12    Str: 16    XL:     2   Next: 0%
Magic:  2/2        EV:  6    Int:  9    God:
Gold:   0          SH:  8    Dex: 12    Spells: 1/1 levels left

rFire    . . .     SeeInvis .     - Unarmed
rCold    . . .     Gourm    .   b - +0 shield
rNeg     . . .     Faith    .   a - +0 scale mail {10}
rPois    .         Spirit   .   (no helmet)
rElec    .         Reflect  .   (no cloak)
rCorr    .         Harm     .   (no gloves)
MR       .....                  (no boots)
Stlth    ..........             (no amulet)
HPRegen  0.08/turn              (no ring)
MPRegen  0.08/turn              (no ring)

@: sanguine armour
A: sanguine armour 1
a: no special abilities


Innate Abilities, Weirdness & Mutations

When seriously injured, your bleeding wounds create armour. (AC +6)


   Skills:
 + Level 3.1 Fighting
 - Level 2.6 Armour
 - Level 2.6 Shields
 * Level 2.3 Unarmed Combat


You had one spell level left.
You didn't know any spells.

Skill      XL: |  1 |
---------------+----+-----
Unarmed Combat | 2 |  2.3
Fighting       | |  3.1
Armour         | |  2.6
Shields        | |  2.6

Action                   || total
-------------------------++-------
Melee: Unarmed           ||    25
Armor: Scale mail        ||    11
Dodge: Dodged            ||     7
Block: Shield            ||    18

Inventory:

Armour
 a - a +0 scale mail (worn) {10}
 b - a +0 shield (worn)
Scrolls
 f - a scroll of magic mapping {unknown}
Potions
 c - a potion of might
Comestibles
 d - 3 chunks of flesh
 e - a bread ration


You were on level 1 of the Dungeon.
You were not hungry.

You visited 1 branch of the dungeon, and saw 1 of its levels.

Dungeon Overview and Level Annotations

Branches:
Dungeon (1/15)

Altars:


Message History

You hit the rat.
You kill the rat!
No target in view!
No target in view!
No target in view!
A rat comes into view.
You see here a rat corpse.
A rat is nearby!
A rat is nearby!
A rat is nearby!
A rat is nearby!
You block the rat's attack.
You hit the rat.
You kill the rat!
No target in view!
No target in view!
No target in view!
You butcher the rat corpse.
d - 2 chunks of flesh (gained 1)
f - a scroll labeled DARASS LAOHUOB A ball python comes into view.
The ball python hisses angrily.
A ball python is nearby!
A ball python is nearby!
You hit the ball python.
The ball python bites you but does no damage.
You block the ball python's attack. The ball python completely misses you.
You block the ball python's attack.
You hit the ball python.
The ball python bites you but does no damage.
The ball python grabs you. The ball python constricts you.
You closely miss the ball python.
The ball python bites you but does no damage.
The ball python constricts you.
You hit the ball python.
You kill the ball python!
No target in view!
No target in view!
No target in view!
You butcher the ball python corpse.
d - 3 chunks of flesh (gained 1) As you open the door, it creaks loudly!
A goblin comes into view.
The goblin shouts!
You hear a shout!
A goblin is nearby!
A goblin is nearby!
A goblin is nearby!
A giant cockroach and a hobgoblin come into view.
The hobgoblin shouts!
There is an open door here.
A goblin and a dart slug come into view.
You hit the hobgoblin. You block the hobgoblin's attack.
The goblin barely misses you. The hobgoblin hits you with a club.
You take 3 damage, and have 15/18 hp.
You barely miss the hobgoblin. The goblin hits you.
You take 1 damage, and have 14/18 hp.
You hit the hobgoblin.
You kill the hobgoblin!
You block the giant cockroach's attack. The goblin barely misses you.
There is an open door here.
The giant cockroach bites you but does no damage.
A ball python comes into view.
The ball python hisses angrily.
You hit the giant cockroach but do no damage.
You block the giant cockroach's attack.
You closely miss the giant cockroach. You block the giant cockroach's attack.
You closely miss the giant cockroach. You block the giant cockroach's attack.
You hit the giant cockroach. The giant cockroach bites you.
You take 1 damage, and have 14/18 hp.
You closely miss the giant cockroach. The ball python barely misses you. x2
You block the giant cockroach's attack. The ball python bites you.
The ball python closely misses you.
You take 2 damage, and have 12/18 hp.
You hit the giant cockroach but do no damage.
The giant cockroach bites you but does no damage.
The ball python barely misses you. The ball python grabs you.
The ball python constricts you. You block the giant cockroach's attack.
You closely miss the ball python. You block the ball python's attack.
The ball python constricts you.
The giant cockroach bites you but does no damage.
You hit the ball python. The ball python bites you.
The ball python constricts you. You block the giant cockroach's attack.
You take 2 damage, and have 10/18 hp.
You closely miss the ball python. You block the ball python's attack.
The ball python constricts you. The giant cockroach bites you.
* * * LOW HITPOINT WARNING * * *
You block the ball python's attack. The ball python constricts you.
You take 1 damage, and have 9/18 hp.
You completely miss the ball python.
The giant cockroach bites you but does no damage.
The ball python bites you but does no damage.
The ball python constricts you. You block the giant cockroach's attack.
You hit the ball python.
You kill the ball python!
You have reached level 2!
Your demonic ancestry asserts itself...
You feel your blood ready itself to protect you.
Your blood congeals into armour.
You block the giant cockroach's attack.
You regained 4 hp, and now have 13/24 hp.
MP restored: 2

...# ... ..# ....
########### ..###....
#.........# .........
#.#.#.#.#.# #........
#.#.###.#.# #g.......
#....#....# #).......
#...###...#####........
#.### ###.#.@sgg.......
##.># ##.#.###w...#...
#..## #>...# #....# .
#..># ##...# ######
#..## #<.#.#### #..###
##.#....# #....##
..####.# #.....#
...####.#
#..#รท###.#.##...#


You could see a dart slug, a giant cockroach and 2 goblins.

Notes
Turn   | Place    | Note
-------+----------+-------------------------------------------
     0 | D:1      | theanonym the Demonspawn Fighter began the quest for the Orb.
     0 | D:1      | Reached XP level 1. HP: 18/18 MP: 1/1
     5 | D:1      | Reached skill level 2 in Unarmed Combat
    94 | D:1      | HP: 9/18 [giant cockroach (1)]
    96 | D:1      | Gained mutation: When seriously injured, your bleeding wounds create armour. (AC +6) [demonic ancestry]
    96 | D:1      | Reached XP level 2. HP: 13/24 MP: 2/2
    97 | D:1      | Quit the game

Vanquished Creatures
  A dart slug (D:1)
  A hobgoblin (D:1)
  2 ball pythons (D:1)
  3 rats (D:1)
7 creatures vanquished.

Table legend:
 A = Turns spent in this place as a percentage of turns spent in the entire game.
 B = Non-inter-level travel turns spent in this place as a percentage of non-inter-level travel turns spent in the entire game.
 C = Inter-level travel turns spent in this place as a percentage of turns spent in this place.
 D = Turns resting spent in this place as a percentage of non-inter-level travel turns spent in this place.
 E = Turns spent auto-exploring this place as a percentage of non-inter-level travel turns spent in this place.
 F = Non-inter-level travel turns spent in this place divided by the number of levels of this place that you've seen.
                   A       B       C       D       E      F
               +-------+-------+-------+-------+-------+----------------------
         Total | 100.0 | 100.0 |   0.0 |   0.0 |  54.6 |  97.0
       Dungeon | 100.0 | 100.0 |   0.0 |   0.0 |  54.6 |  97.0
               +-------+-------+-------+-------+-------+----------------------
